 Dungeon Crawl Stone Soup version 0.29.0-4-gdea44cf6ec (webtiles) character file.

Game seed: 10079021269730679045

12016 qw the Cleaver (level 11, -12/71 HPs)
             Began as a Gargoyle Fighter on Sept 7, 2022.
             Was an Elder of Okawaru.
             Mangled by Sonja
             ... wielding a +3 short sword of distortion
              (20 damage)
             ... on level 10 of the Dungeon.
             The game lasted 00:04:02 (9576 turns).

qw the Cleaver (Gargoyle Fighter)                   Turns: 9576, Time: 00:04:03

Health: -12/71     AC: 32    Str: 24    XL:     11   Next: 86%
Magic:  14/15      EV: 13    Int: 16    God:    Okawaru [****..]
Gold:   67         SH:  6    Dex:  9    Spells: 10/10 levels left

rFire   . . .      SeeInvis .   Y - +0 broad axe (freeze)
rCold   . . .      Faith    .   c - +0 buckler
rNeg    + . .      Spirit   .   j - +3 plate armour
rPois   inf        Reflect  .   (no helmet)
rElec   +          Harm     .   o - +0 cloak "Ocvuibiv" {Int+7}
rCorr   .          Rampage  .   m - +0 pair of gloves
Will    .....                   n - +2 pair of boots
Stlth   ..........              (no amulet)
HPRegen 0.21/turn               p - +4 ring of evasion
MPRegen 0.14/turn               (no ring)

@: about to teleport, heroic
A: sickness immunity, AC +8, negative energy resistance 1, electricity
resistance, torment resistance 1, petrification resistance
a: Renounce Religion, Heroism, Finesse


You were on level 10 of the Dungeon.
You worshipped Okawaru.
Okawaru was greatly pleased with you.
You visited 2 branches of the dungeon, and saw 11 of its levels.

You collected 485 gold pieces.
You spent 418 gold pieces at shops.


Innate Abilities, Weirdness & Mutations

You are immune to sickness and miasma.
Your stone body is resilient. (AC +8)
You are immune to poison.
You resist negative energy. (rN+)
You are resistant to electric shocks. (rElec)
You are resistant to unholy torment.
You are immune to petrification.


   Skills:
 - Level 9.0(14.0) Fighting
 - Level 13.6(18.6) Axes
 + Level 5.5(10.5) Armour
 - Level 3.3(8.3) Dodging
 - Level 5.0(10.0) Shields
 + Level 6.6 Invocations


You had 10 spell levels left.
You didn't know any spells.
Your spell library was empty.

Inventory:

Hand Weapons
 v - a +0 war axe of flaming
 Y - a +0 broad axe of freezing (weapon)
Armour
 c - a +0 buckler (worn)
 j - a +3 plate armour (worn)
 m - a +0 pair of gloves (worn)
 n - a +2 pair of boots (worn)
 o - the +0 cloak "Ocvuibiv" (worn) {Int+7}
   (You found it on level 4 of the Dungeon)

   Int:       It affects your intelligence (+7).
Jewellery
 p - a +4 ring of evasion (left hand)
Scrolls
 b - 2 scrolls of identify
 k - a scroll of blinking
 t - 2 scrolls of teleportation
Potions
 a - 2 potions of cancellation
 d - 4 potions of might
 e - 3 potions of haste
 f - a potion of mutation
 g - 2 potions of heal wounds
 h - a potion of magic
 i - 4 potions of curing
 l - 3 potions of attraction
 q - 2 potions of lignification

Dungeon Overview and Level Annotations

Branches:
Dungeon (10/15)            Temple (1/1) D:4
   Lair: D:8-11         Orc: D:9-12

Altars:
Ashenzari
Cheibriados
Dithmenos
Fedhas
Gozag
Hepliaklqana
Kikubaaqudgha
Makhleb
Okawaru
Qazlal
Ru
Sif Muna
Uskayaw
Wu Jian
Xom
Yredelemnul
Zin
The Shining One

Shops:
D:3 [([   D:5 =!   D:9 !

Annotations:
D:4 Duvessa
D:6 1 runed translucent door, Crazy Yiuf
D:8 1 runed translucent door, qw's ghost, novice FoCA
D:10 Sonja


Message History

You barely miss the two-headed ogre. You slice the two-headed ogre!!
You freeze the two-headed ogre.
The two-headed ogre is heavily wounded.
The two-headed ogre hits you with a +0 giant spiked club.
You block the two-headed ogre's attack.
You barely miss the two-headed ogre.
The two-headed ogre is heavily wounded.
You hit the two-headed ogre but do no damage.
The two-headed ogre is heavily wounded.
The two-headed ogre barely misses you. The two-headed ogre misses you.
You barely miss the two-headed ogre.
The two-headed ogre is heavily wounded.
You hit the two-headed ogre. You freeze the two-headed ogre.
The two-headed ogre is heavily wounded.
The two-headed ogre hits you with a +0 giant spiked club!
The two-headed ogre hits you with a +0 giant club.
You slash the two-headed ogre! You freeze the two-headed ogre.
The two-headed ogre is almost dead.
You barely miss the two-headed ogre.
The two-headed ogre is almost dead.
You hit Sonja. You freeze Sonja. Sonja hits you but does no damage.
Space warps horribly around you! Sonja hits you but does no damage.
Space warps horribly around you! Sonja closely misses you.
The two-headed ogre closely misses you. You block the two-headed ogre's attack.
9575 ||| READING 3 scrolls of teleportation.
As you read the scroll of teleportation, it crumbles to dust.
You feel strangely unstable. Sonja barely misses you.
Sonja hits you with a +3 short sword of distortion!
Sonja barely misses you.
9576 ||| DRINKING 3 potions of heal wounds.
You feel much better. Sonja hits you but does no damage.
Space warps horribly around you! Sonja hits you but does no damage.
Space warps around you. Sonja hits you but does no damage.
Space warps around you. The two-headed ogre misses you.
The two-headed ogre closely misses you. Sonja closely misses you.
Sonja hits you but does no damage. Space warps horribly around you!!
You die...

#.##.#.....
#.##.#....
#.##.#...#
#######....#...#
...........#...#
#.......#...##..
#...<...#.......
#.#####.'.......
#@#.......
#.....KO######..
.........
...###.... ..
#..... #..###.
#..# .. #..# ..


You could see a two-headed ogre and Sonja.

Vanquished Creatures
  Pikel (D:6)
  Maggie (D:6)
  A hornet (D:8)
  Grinder (D:4)
  Prince Ribbit (D:6)
  Sigmund (D:3)
  2 wyverns
  Eustachio (D:6)
  9 yaks
  3 steam dragons
  2 water moccasins
  An acid dragon (D:9)
  3 black bears
  An orc warrior (D:8)
  2 ice beasts
  3 sky beasts
  An ogre (D:6)
  2 lemures (D:6)
  3 centaurs
  5 kobold brigands
  3 bullfrogs
  5 necrophages
  A gnoll sergeant (D:9)
  3 scorpions
  7 wights
  Dowan (D:5)
  3 killer bees (D:8)
  A vampire bat (D:6)
  8 howler monkeys
  A bullfrog zombie (D:4)
  A human zombie (D:4)
  3 hounds
  A jelly (D:6)
  2 gnoll boudas (D:9)
  4 orc priests
  2 iguanas (D:6)
  A scorpion zombie (D:4)
  2 orc wizards
  A hound zombie (D:4)
  2 mummies (D:4)
  3 howler monkey zombies (D:4)
  8 gnolls (D:9)
  4 adders
  2 shadow imps
  2 white imps
  An adder zombie (D:4)
  2 dart slugs (D:3)
  25 orcs
  3 bat skeletons (D:6)
  3 bat zombies (D:6)
  5 endoplasms
  2 giant cockroaches
  4 goblins
  6 hobgoblins
  10 jackals
  25 kobolds
  4 quokkas
  11 ball pythons
  5 bats
  A frilled lizard (D:3)
  2 rats
224 creatures vanquished.

Vanquished Creatures (others)
  An orc warrior (D:8)
  A centaur (D:8)
  2 bullfrogs (D:8)
  A howler monkey (D:8)
  An orc wizard (D:9)
  2 fungi (D:3)
  3 plants (D:3)
11 creatures vanquished.

Grand Total: 235 creatures vanquished

Notes
Turn   | Place    | Note
-------+----------+-------------------------------------------
     0 | D:1      | qw the Gargoyle Fighter began the quest for the Orb.
     0 | D:1      | Reached XP level 1. HP: 14/14 MP: 1/1
     0 | D:1      | 0 ||| qw: Version: 0.1-a-108-g9e35731
     0 | D:1      | 0 ||| qw: Game counter: 6516
     0 | D:1      | 0 ||| qw: Always use a shield: true
     0 | D:1      | 0 ||| qw: God list: Okawaru
     0 | D:1      | 0 ||| qw: Allow faded altars: false
     0 | D:1      | 0 ||| qw: Do Orc after D:15 true
     0 | D:1      | 0 ||| qw: Do second Lair branch before Depths: true
     0 | D:1      | 0 ||| qw: Lair rune preference: random
     0 | D:1      | 0 ||| qw: Plans: Normal, Zot, God:TSO, Crypt, Tomb, Zig,
                  | Orb
     0 | D:1      | 0 ||| PLANNING D:1-11
   311 | D:1      | Reached skill level 2 in Axes
   351 | D:1      | 351 ||| Stepping ~*~*~tactically~*~*~ (stealth).
   380 | D:1      | 380 ||| Stepping ~*~*~tactically~*~*~ (stealth).
   432 | D:1      | Reached XP level 2. HP: 17/19 MP: 2/2
  1055 | D:1      | 1055 ||| READING scroll labelled OTHRUFR ZISHRUCE.
  1056 | D:1      | 1056 ||| READING scroll labelled QITIUPP EMYMO.
  1057 | D:1      | 1057 ||| READING scroll labelled MOCE UGGUMM.
  1060 | D:1      | 1060 ||| DRINKING 3 emerald potions.
  1138 | D:2      | 1138 ||| Stepping ~*~*~tactically~*~*~ (stealth).
  1169 | D:2      | Reached skill level 3 in Axes
  1172 | D:2      | 1172 ||| Stepping ~*~*~tactically~*~*~ (stealth).
  1269 | D:2      | Reached XP level 3. HP: 23/23 MP: 3/3
  1603 | D:2      | Identified the +9 hand axe of Qoustronk {venom, *Slow rElec
                  | rF- Dex+10}
  1605 | D:2      | 1605 ||| DROPPING +9 hand axe of Qoustronk {venom, *Slow
                  | rElec rF- Dex+10}.
  1753 | D:2      | Identified the +4 ring mail of the Stonemason {Rampage rF+
                  | Dex+4 Stlth-}
  1922 | D:2      | 1922 ||| UPGRADING to +0 chain mail.
  1932 | D:2      | 1932 ||| DROPPING +0 scale mail.
  1933 | D:2      | 1933 ||| UPGRADING to +4 ring mail of the Stonemason
                  | {Rampage rF+ Dex+4 Stlth-}.
  1943 | D:2      | 1943 ||| READING scroll labelled LICZAR KA IKO.
  1944 | D:2      | 1944 ||| READING scroll labelled BIAVIA NUFYMEZ.
  1991 | D:2      | 1991 ||| READING 2 scrolls labelled AFUESTR HOARU.
  1992 | D:2      | 1992 ||| READING scroll labelled OJAWKE NIEDE.
  1993 | D:2      | 1993 ||| READING scroll labelled ARE ZADERAO.
  1994 | D:2      | 1994 ||| DRINKING 2 green potions.
  1995 | D:2      | 1995 ||| DROPPING scroll of summoning.
  2017 | D:3      | Noticed Sigmund
  2018 | D:3      | 2018 ||| Stepping ~*~*~tactically~*~*~ (hiding).
  2028 | D:3      | Killed Sigmund
  2029 | D:3      | Reached skill level 3 in Dodging
  2029 | D:3      | Reached XP level 4. HP: 23/28 MP: 4/4
  2029 | D:3      | Reached XP level 5. HP: 26/32 MP: 5/5
  2059 | D:3      | 2059 ||| FLEEEEING.
  2060 | D:3      | 2060 ||| STAIRDANCE
  2138 | D:3      | Reached skill level 4 in Axes
  2138 | D:3      | Reached XP level 6. HP: 29/37 MP: 6/6
  2250 | D:3      | Found Hyomuixt's Antique Armour Shoppe.
  2258 | D:3      | 2258 ||| SHOPLISTING pair of glowing gloves (202 gold, have
                  | 59).
  2258 | D:3      | 2258 ||| SHOPLISTING pair of runed gloves (202 gold, have
                  | 59).
  2258 | D:3      | 2258 ||| SHOPLISTING shiny helmet (202 gold, have 59).
  2320 | D:3      | Found a glowing silver altar of Zin.
  2324 | D:3      | Found Poepnah's Antique Armour Boutique.
  2368 | D:3      | 2368 ||| SHOPLISTING cloak (121 gold, have 83).
  2368 | D:3      | 2368 ||| SHOPLISTING crude chain mail (256 gold, have 83).
  2368 | D:3      | 2368 ||| SHOPLISTING runed cloak (202 gold, have 83).
  2393 | D:3      | Found a snail-covered altar of Cheibriados.
  2444 | D:3      | Found a blossoming altar of Fedhas.
  2450 | D:3      | 2450 ||| Stepping ~*~*~tactically~*~*~ (stealth).
  2463 | D:3      | 2463 ||| FLEEEEING.
  2544 | D:3      | 2544 ||| DROPPING +0 whip.
  2764 | D:3      | Found an opulent altar of Gozag.
  2781 | D:3      | Found Seblum's Weapon Boutique.
  3017 | D:3      | 3017 ||| READING 3 scrolls labelled YDAUT PIATROO.
  3018 | D:3      | 3018 ||| DRINKING 2 clear potions.
  3054 | D:3      | 3054 ||| READING 2 scrolls of identify.
  3054 | D:3      | 3054 ||| IDENTIFYING silvery potion
  3055 | D:3      | 3055 ||| DROPPING potion of degeneration.
  3079 | D:4      | 3079 ||| STAIRDANCE
  3112 | D:4      | Noticed a +3 dagger
  3113 | D:4      | Noticed a +0 hand axe
  3176 | D:4      | Reached skill level 5 in Axes
  3214 | D:4      | Found a basalt altar of Yredelemnul.
  3222 | D:4      | Reached XP level 7. HP: 37/42 MP: 7/7
  3374 | D:4      | Found a hide-covered altar of Uskayaw.
  3389 | D:4      | Reached skill level 6 in Axes
  3708 | D:4      | Found a shadowy altar of Dithmenos.
  3710 | D:4      | Identified the +0 cloak "Ocvuibiv" {Int+7}
  3740 | D:4      | Found a staircase to the Ecumenical Temple.
  3747 | D:4      | 3747 ||| PLANNING TEMPLE
  3769 | D:4      | 3769 ||| UPGRADING to +0 pair of boots.
  3774 | D:4      | 3774 ||| UPGRADING to +0 cloak "Ocvuibiv" {Int+7}.
  3779 | D:4      | 3779 ||| READING 2 scrolls of enchant armour.
  3779 | D:4      | 3779 ||| ENCHANTING +0 pair of boots.
  3780 | D:4      | 3780 ||| READING scroll of enchant armour.
  3780 | D:4      | 3780 ||| ENCHANTING +1 pair of boots.
  3781 | D:4      | 3781 ||| READING scroll labelled LAUTOBREIMM.
  3782 | D:4      | 3782 ||| DROPPING +1 morningstar of protection.
  3783 | D:4      | 3783 ||| READING scroll labelled GIGISK PIOQEO.
  3884 | D:4      | 3884 ||| READING 3 scrolls of identify.
  3884 | D:4      | 3884 ||| IDENTIFYING puce potion
  3885 | D:4      | 3885 ||| READING 2 scrolls of identify.
  3885 | D:4      | 3885 ||| IDENTIFYING bubbling golden potion
  3886 | D:4      | 3886 ||| DROPPING potion of ambrosia.
  3891 | Temple   | Entered the Ecumenical Temple
  3894 | Temple   | Became a worshipper of Warmaster Okawaru
  3895 | Temple   | 3895 ||| PLANNING D:1-11
  4389 | D:4      | Reached skill level 7 in Axes
  4389 | D:4      | Reached XP level 8. HP: 48/48 MP: 8/8
  4420 | D:5      | Entered Level 5 of the Dungeon
  4451 | D:5      | Noticed Dowan
  4464 | D:5      | Killed Dowan
  4464 | D:5      | Noticed Duvessa
  4465 | D:5      | 4465 ||| FLEEEEING.
  4466 | D:5      | 4466 ||| FLEEEEING.
  4467 | D:5      | 4467 ||| FLEEEEING.
  4468 | D:5      | 4468 ||| FLEEEEING.
  4469 | D:5      | 4469 ||| FLEEEEING.
  4470 | D:5      | 4470 ||| STAIRDANCE
  4530 | D:5      | 4530 ||| STAIRDANCE
  4530 | D:5      | Noticed Grinder
  4533 | D:4      | HP: 12/48 [Duvessa/+0 short sword (17)]
  4534 | D:4      | 4534 ||| READING scroll of teleportation.
  4535 | D:4      | 4535 ||| DRINKING potion of heal wounds.
  4662 | D:5      | 4662 ||| FLEEEEING.
  4663 | D:5      | 4663 ||| FLEEEEING.
  4664 | D:5      | 4664 ||| FLEEEEING.
  4665 | D:5      | 4665 ||| FLEEEEING.
  4666 | D:5      | 4666 ||| FLEEEEING.
  4670 | D:5      | 4670 ||| FLEEEEING.
  4671 | D:5      | 4671 ||| FLEEEEING.
  4672 | D:5      | 4672 ||| STAIRDANCE
  4776 | D:5      | 4776 ||| STAIRDANCE
  4794 | D:5      | 4794 ||| STAIRDANCE
  4800 | D:4      | Killed Grinder
  4830 | D:5      | 4830 ||| STAIRDANCE
  4838 | D:5      | 4838 ||| STAIRDANCE
  4845 | D:5      | Reached * piety under Okawaru
  4846 | D:5      | 4846 ||| Stepping ~*~*~tactically~*~*~ (hiding).
  4979 | D:5      | Reached skill level 1 in Invocations
  5070 | D:5      | Found Busmun's Distillery.
  5078 | D:5      | 5078 ||| BUYING 2 potions of curing (78 gold).
  5078 | D:5      | Bought 2 potions of curing for 78 gold pieces
  5078 | D:5      | 5078 ||| SHOPLISTING 2 potions of experience (1300 gold,
                  | have 135).
  5078 | D:5      | 5078 ||| BUYING potion of haste (130 gold).
  5078 | D:5      | Bought a potion of haste for 130 gold pieces
  5078 | D:5      | 5078 ||| SHOPLISTING potion of mutation (104 gold, have 5).
  5080 | D:5      | 5080 ||| Stepping ~*~*~tactically~*~*~ (stealth).
  5105 | D:5      | 5105 ||| Stepping ~*~*~tactically~*~*~ (stealth).
  5106 | D:5      | 5106 ||| Stepping ~*~*~tactically~*~*~ (stealth).
  5337 | D:5      | Found an ornate altar of the Wu Jian Council.
  5355 | D:5      | Found Luvept's Jewellery Shop.
  5363 | D:5      | 5363 ||| SHOPLISTING +6 ring of dexterity (540 gold, have
                  | 35).
  5363 | D:5      | 5363 ||| SHOPLISTING amulet of the acrobat (450 gold, have
                  | 35).
  5363 | D:5      | 5363 ||| SHOPLISTING ring "Juhud" {rC- rN+++ rCorr Str+6
                  | Stlth+} (981 gold, have 35).
  5363 | D:5      | 5363 ||| SHOPLISTING ring "Xeolehas" {+Blink rF+ Will+
                  | Int+3} (784 gold, have 35).
  5400 | D:5      | 5400 ||| READING scroll labelled HEVONW USOON.
  5444 | D:6      | Reached skill level 3 in Invocations
  5526 | D:6      | 5526 ||| INVOKING Heroism.
  5589 | D:6      | Noticed Maggie
  5590 | D:6      | 5590 ||| Stepping ~*~*~tactically~*~*~ (hiding).
  5601 | D:6      | 5601 ||| DRINKING 2 potions of curing.
  5601 | D:6      | 5601 ||| (to cure confusion)
  5607 | D:6      | 5607 ||| INVOKING Heroism.
  5614 | D:6      | Killed Maggie
  5615 | D:6      | Reached skill level 8 in Axes
  5615 | D:6      | Reached XP level 9. HP: 32/55 MP: 8/12
  5744 | D:6      | 5744 ||| SWAPPING to +0 broad axe of draining.
  5791 | D:6      | Reached ** piety under Okawaru
  5840 | D:6      | 5840 ||| INVOKING Heroism.
  5844 | D:6      | Reached skill level 6 in Fighting
  5871 | D:6      | Noticed Eustachio
  5872 | D:6      | 5872 ||| INVOKING Heroism.
  5885 | D:6      | Killed Eustachio
  5889 | D:6      | 5889 ||| Stepping ~*~*~tactically~*~*~ (stealth).
  5902 | D:6      | Found an ancient bone altar of Kikubaaqudgha.
  6102 | D:6      | Found a stormy altar of Qazlal.
  6136 | D:6      | Noticed Pikel
  6137 | D:6      | 6137 ||| INVOKING Heroism.
  6144 | D:6      | Killed Pikel
  6145 | D:6      | Reached skill level 9 in Axes
  6263 | D:6      | Noticed Prince Ribbit
  6264 | D:6      | 6264 ||| INVOKING Heroism.
  6268 | D:6      | 6268 ||| Stepping ~*~*~tactically~*~*~ (stealth).
  6271 | D:6      | Killed Prince Ribbit
  6420 | D:6      | Found the +6 shillelagh "Devastator" {shatter}
  6428 | D:6      | Found a runed translucent door.
  6428 | D:6      | Found the +10 morningstar "Eos" {elec, Halo rElec}
  6429 | D:6      | Noticed Crazy Yiuf
  6491 | D:6      | 6491 ||| UPGRADING to +4 ring of evasion.
  6492 | D:6      | 6492 ||| READING scroll labelled RUKIWITRI NAQE.
  6493 | D:6      | 6493 ||| DRINKING 3 bubbling ruby potions.
  6494 | D:6      | 6494 ||| DRINKING 2 fizzy clear potions.
  6495 | D:6      | 6495 ||| READING 3 scrolls of identify.
  6495 | D:6      | 6495 ||| IDENTIFYING inky potion
  6496 | D:6      | 6496 ||| READING 2 scrolls of identify.
  6496 | D:6      | 6496 ||| IDENTIFYING golden potion
  6497 | D:6      | 6497 ||| DROPPING potion of brilliance.
  6498 | D:6      | 6498 ||| DROPPING potion of flight.
  6499 | D:6      | 6499 ||| DROPPING potion of invisibility.
  6553 | D:7      | 6553 ||| Stepping ~*~*~tactically~*~*~ (hiding).
  6572 | D:7      | 6572 ||| INVOKING Heroism.
  6591 | D:7      | 6591 ||| Stepping ~*~*~tactically~*~*~ (stealth).
  6820 | D:7      | 6820 ||| Stepping ~*~*~tactically~*~*~ (hiding).
  6823 | D:7      | 6823 ||| INVOKING Heroism.
  6824 | D:7      | Found a broken altar of Ashenzari.
  6828 | D:7      | Reached XP level 10. HP: 58/63 MP: 10/13
  6829 | D:7      | Reached skill level 10 in Axes
  6830 | D:7      | Reached *** piety under Okawaru
  6909 | D:7      | 6909 ||| Stepping ~*~*~tactically~*~*~ (hiding).
  7009 | D:7      | 7009 ||| Stepping ~*~*~tactically~*~*~ (stealth).
  7010 | D:7      | 7010 ||| Stepping ~*~*~tactically~*~*~ (stealth).
  7051 | D:7      | Found a glowing golden altar of the Shining One.
  7230 | D:7      | 7230 ||| READING scroll of brand weapon.
  7230 | D:7      | 7230 ||| BRANDING +0 broad axe of draining.
  7244 | D:7      | 7244 ||| Stepping ~*~*~tactically~*~*~ (hiding).
  7247 | D:7      | 7247 ||| INVOKING Heroism.
  7389 | D:7      | 7389 ||| INVOKING Heroism.
  7519 | D:7      | 7519 ||| READING scroll labelled ETO ADUITWUFFU.
  7520 | D:7      | 7520 ||| READING 4 scrolls of identify.
  7520 | D:7      | 7520 ||| IDENTIFYING murky sapphire potion
  7521 | D:7      | 7521 ||| DRINKING potion of experience.
  7521 | D:7      | Reached skill level 13 in Axes
  7521 | D:7      | Reached XP level 11. HP: 68/68 MP: 14/14
  7547 | D:8      | 7547 ||| Stepping ~*~*~tactically~*~*~ (stealth).
  7603 | D:8      | 7603 ||| Stepping ~*~*~tactically~*~*~ (stealth).
  7610 | D:8      | 7610 ||| Stepping ~*~*~tactically~*~*~ (hiding).
  7625 | D:8      | 7625 ||| Stepping ~*~*~tactically~*~*~ (stealth).
  7627 | D:8      | 7627 ||| Stepping ~*~*~tactically~*~*~ (stealth).
  7628 | D:8      | 7628 ||| Stepping ~*~*~tactically~*~*~ (stealth).
  7642 | D:8      | 7642 ||| Stepping ~*~*~tactically~*~*~ (stealth).
  7761 | D:8      | Found a hazy altar of Hepliaklqana.
  7807 | D:8      | Found a runed translucent door.
  7807 | D:8      | Noticed qw's ghost (novice FoCA)
  7832 | D:8      | 7832 ||| INVOKING Heroism.
  7834 | D:8      | 7834 ||| Stepping ~*~*~tactically~*~*~ (stealth).
  7845 | D:8      | 7845 ||| Stepping ~*~*~tactically~*~*~ (stealth).
  7876 | D:8      | 7876 ||| Stepping ~*~*~tactically~*~*~ (stealth).
  7879 | D:8      | Reached **** piety under Okawaru
  7889 | D:8      | 7889 ||| Stepping ~*~*~tactically~*~*~ (stealth).
  7901 | D:8      | 7901 ||| Stepping ~*~*~tactically~*~*~ (stealth).
  7902 | D:8      | 7902 ||| Stepping ~*~*~tactically~*~*~ (stealth).
  7903 | D:8      | 7903 ||| Stepping ~*~*~tactically~*~*~ (stealth).
  7904 | D:8      | 7904 ||| Stepping ~*~*~tactically~*~*~ (stealth).
  7937 | D:8      | 7937 ||| Stepping ~*~*~tactically~*~*~ (stealth).
  7945 | D:8      | 7945 ||| INVOKING Heroism.
  7962 | D:8      | Reached skill level 9 in Fighting
  8054 | D:8      | Found a shimmering altar of Xom.
  8058 | D:8      | 8058 ||| Stepping ~*~*~tactically~*~*~ (stealth).
  8060 | D:8      | 8060 ||| INVOKING Heroism.
  8097 | D:8      | Found a sacrificial altar of Ru.
  8484 | D:8      | 8484 ||| DROPPING +0 chain mail.
  8485 | D:8      | 8485 ||| UPGRADING to +0 plate armour.
  8495 | D:8      | 8495 ||| READING 2 scrolls of enchant armour.
  8495 | D:8      | 8495 ||| ENCHANTING +0 plate armour.
  8496 | D:8      | 8496 ||| READING scroll of enchant armour.
  8496 | D:8      | 8496 ||| ENCHANTING +1 plate armour.
  8497 | D:8      | 8497 ||| DROPPING +4 ring mail of the Stonemason {Rampage
                  | rF+ Dex+4 Stlth-}.
  8553 | D:9      | 8553 ||| INVOKING Heroism.
  8619 | D:9      | 8619 ||| Stepping ~*~*~tactically~*~*~ (stealth).
  8639 | D:9      | 8639 ||| INVOKING Heroism.
  8648 | D:9      | Reached skill level 6 in Invocations
  8677 | D:9      | 8677 ||| INVOKING Heroism.
  8719 | D:9      | Found a burning altar of Makhleb.
  8818 | D:9      | 8818 ||| Stepping ~*~*~tactically~*~*~ (stealth).
  8832 | D:9      | Found Tutanliq's Distillery.
  8840 | D:9      | 8840 ||| BUYING potion of attraction (45 gold).
  8840 | D:9      | Bought a potion of attraction for 45 gold pieces
  8840 | D:9      | 8840 ||| BUYING potion of curing (45 gold).
  8840 | D:9      | Bought a potion of curing for 45 gold pieces
  8840 | D:9      | 8840 ||| BUYING potion of curing (45 gold).
  8840 | D:9      | Bought a potion of curing for 45 gold pieces
  8840 | D:9      | 8840 ||| BUYING potion of heal wounds (75 gold).
  8840 | D:9      | Bought a potion of heal wounds for 75 gold pieces
  8840 | D:9      | 8840 ||| SHOPLISTING potion of heal wounds (75 gold, have
                  | 11).
  8840 | D:9      | 8840 ||| SHOPLISTING potion of lignification (45 gold, have
                  | 11).
  8840 | D:9      | 8840 ||| SHOPLISTING potion of resistance (150 gold, have
                  | 11).
  8891 | D:9      | 8891 ||| Stepping ~*~*~tactically~*~*~ (stealth).
  8893 | D:9      | 8893 ||| Stepping ~*~*~tactically~*~*~ (stealth).
  8901 | D:9      | 8901 ||| INVOKING Heroism.
  8927 | D:9      | 8927 ||| INVOKING Heroism.
  8957 | D:9      | 8957 ||| FLEEEEING.
  9073 | D:9      | 9073 ||| INVOKING Heroism.
  9214 | D:9      | Found a flagged portal.
  9408 | D:9      | Found a broken altar of Ashenzari.
  9419 | D:9      | 9419 ||| READING scroll of enchant armour.
  9419 | D:9      | 9419 ||| ENCHANTING +2 plate armour.
  9485 | D:9      | Found a shimmering blue altar of Sif Muna.
  9530 | D:9      | 9530 ||| UPGRADING to +0 pair of gloves.
  9535 | D:9      | 9535 ||| READING 4 scrolls of identify.
  9535 | D:9      | 9535 ||| IDENTIFYING glowing yellow potion
  9536 | D:9      | 9536 ||| READING 3 scrolls of identify.
  9536 | D:9      | 9536 ||| IDENTIFYING black potion
  9558 | D:10     | Entered Level 10 of the Dungeon
  9565 | D:10     | Noticed a two-headed ogre
  9565 | D:10     | Noticed Sonja
  9566 | D:10     | 9566 ||| INVOKING Heroism.
  9574 | D:10     | HP: 12/71 [Sonja/+3 short sword of distortion (16)]
  9575 | D:10     | 9575 ||| READING 3 scrolls of teleportation.
  9575 | D:10     | HP: 5/71 [Sonja/+3 short sword of distortion (7)]
  9576 | D:10     | 9576 ||| DRINKING 3 potions of heal wounds.
  9576 | D:10     | Mangled by Sonja

Levels and vault maps discovered:
D:1:      dpeg_arrival_simpleton_c, layout_loops_ring
D:2:      layout_loops_corners
D:3:      layout_loops_ring, pdpol_temple_overflow_zin_treasury_gozag_greed,
          fedhas_altar_3, mainiacjoe_overflow_paths, serial_shops, shop,
          nicolae_shop_statue_plus, shop, uniq_sigmund
D:4:      layout_cave_pods, lemuel_mausoleum_altar_yredelemnul,
          grunt_dithmenos_smoke_and_mirrors, dancing_weapons_uskayaw,
          minmay_temple_entry_stoned_glass, minmay_pentangle
D:5:      layout_cave_pools, pdpol_wu_jian_five_deadly_venoms, serial_shops,
          nicolae_diamond_shop, nicolae_shop_statue_plus, st_stairs_3,
          uniq_duvessa, uniq_grinder
D:6:      layout_cave_pods, kennysheep_vampire_church, lemuel_crystal_altar,
          hangedman_decor_clover_reticule, uniq_prince_ribbit1,
          uniq_crazy_yiuf_cottage, uniq_maggie, uniq_pikel, uniq_eustachio
D:7:      layout_loops_ring, mainiacjoe_overflow_concentric_impassable,
          minmay_ruined_shrine
D:8:      layout_loops_ring, xom_confusion_cloud, overflow_temple_1_default,
          nicolae_hepliaklqana_hippocampus, hellmonk_ghost_happy_afterlife
D:9:      layout_big_octagon, bloody_makhleb, mainiacjoe_overflow_alcove_2,
          tgw_sif, enter_bailey_2, serial_gnoll_camp, gnoll_camp_mini_hut,
          gnoll_camp_mini_hut, gnoll_camp_mini_shop, gnoll_camp_mini_doghouse,
          glass_columns_b, kennysheep_doodads, minivault_25,
          kennysheep_generic_room_13
D:10:     minmay_gate_of_8, layout_stronghold, mainiacjoe_overflow_boulevard,
          nicolae_vehumet_radiance, nicolae_overflow_two_pavilions,
          gammafunk_ghost_wrathful_warriors, serial_shops, nicolae_square_shop,
          minmay_door_square, chequers_serial_rivers_micro_d, uniq_amaemon,
          uniq_josephine, uniq_sonja, uniq_grum
Temple:   ebering_the_one_and_only

Skill      XL: |  1  2  3  4  5  6  7  8  9 10 11 |
---------------+----------------------------------+-----
Axes           | 2 3 4 5 7 8 9 13 | 13.6
Dodging        | 3 |  3.3
Fighting       | 4 5 7 8 9 |  9.0
Invocations    | 4 6 |  6.6
Shields        | 4 5 |  5.0
Armour         | 5 |  5.5

Action                   |  1- 3 |  4- 6 |  7- 9 | 10-12 || total
-------------------------+-------+-------+-------+-------++-------
Melee: War axe           |    74 |   117 |   186 |       ||   377
       Broad axe         |       |       |    78 |   282 ||   360
Invok: Heroism           |       |       |     8 |    12 ||    20
  Use: Scroll            |     8 |     2 |    11 |     9 ||    30
       Potion            |     2 |     1 |     4 |     2 ||     9
Armor: Scale mail        |    26 |       |       |       ||    26
       Ring mail         |       |    59 |   142 |    60 ||   261
       Plate armour      |       |       |       |    30 ||    30
Dodge: Dodged            |    35 |    71 |   166 |   141 ||   413
Block: Buckler           |    11 |    29 |    72 |    37 ||   149

Table legend:
 A = Non-vault XP
 B = Vault XP
 C = Vault XP percentage of total XP
 D = Non-vault monster count
 E = Vault monster count
 F = Vault count percentage of total count
                 A         B        C        D         E       F
            +---------+---------+-------+---------+---------+-------
      Total |    6459 |    4696 |  42.1 |     168 |      54 |  24.3
            +---------+---------+-------+---------+---------+-------
        D:1 |      24 |       0 |   0.0 |      14 |       0 |   0.0
        D:2 |      44 |       0 |   0.0 |      12 |       0 |   0.0
        D:3 |     170 |     226 |  57.1 |      26 |       1 |   3.7
        D:4 |     340 |     781 |  69.7 |      26 |      14 |  35.0
        D:5 |     114 |     363 |  76.1 |       4 |       4 |  50.0
        D:6 |     602 |    1593 |  72.6 |       9 |      11 |  55.0
        D:7 |    1133 |     696 |  38.1 |      15 |       8 |  34.8
        D:8 |    1543 |     792 |  33.9 |      36 |       5 |  12.2
        D:9 |    2489 |     245 |   9.0 |      26 |      11 |  29.7
            +---------+---------+-------+---------+---------+-------
